 Dungeon Crawl Stone Soup version 0.29-a0-219-g0a02b1cf4f (webtiles) character file.

Game seed: 12558083714789414903

237 sammy202020 the Skirmisher (level 6, -5/57 HPs)
             Began as a Naga Fighter on Feb 26, 2022.
             Slain by an iguana (6 damage)
             ... on level 4 of the Dungeon.
             The game lasted 00:06:53 (3050 turns).

sammy202020 the Skirmisher (Naga Fighter)           Turns: 3050, Time: 00:06:54

Health: -5/57      AC: 11    Str: 20    XL:     6   Next: 6%
Magic:  6/6        EV:  3    Int:  9    God:
Gold:   114        SH:  9    Dex: 10    Spells: 5/5 levels left

rFire   . . .      SeeInvis +   a - +1 flail
rCold   . . .      Faith    .   c - +0 buckler
rNeg    . . .      Spirit   .   i - +0 plate armour
rPois   +          Reflect  +   p - +2 helmet
rElec   .          Harm     .   (no cloak)
rCorr   .          Rampage  .   (no gloves)
Will    .....                   (no barding)
Stlth   ..........              b - amulet of reflection
HPRegen 0.19/turn               (no ring)
MPRegen 0.10/turn               (no ring)

@: very slow
A: AC +2, large, see invisible, deformed body, poison resistance, slowness 2,
spit poison 1, naga tail 1
a: Spit Poison


You were on level 4 of the Dungeon.
You visited 1 branch of the dungeon, and saw 4 of its levels.

You collected 114 gold pieces.

Inventory:

Hand Weapons
 a - a +1 flail (weapon)
 w - a +2 whip of distortion
Missiles
 j - 2 throwing nets
Armour
 c - a +0 buckler (worn)
 i - a +0 plate armour (worn)
 p - a +2 helmet (worn)
Jewellery
 b - an amulet of reflection (around neck)
 m - a +4 ring of protection
Wands
 l - a wand of polymorph (6)
Scrolls
 e - 2 scrolls of teleportation
 g - a scroll of fog {unknown}
 q - a scroll of acquirement {unknown}
 t - 3 scrolls of identify
 v - a scroll of torment {unknown}
Potions
 d - 3 potions of might
 f - a potion of invisibility
 h - 2 potions of heal wounds {unknown}
 k - a potion of attraction {unknown}
 n - a potion of haste
 o - a potion of curing {unknown}
 r - a potion of lignification {unknown}
 s - a potion of brilliance {unknown}
 u - a potion of cancellation {unknown}


   Skills:
 + Level 4.0 Fighting
 + Level 3.3 Maces & Flails
 + Level 3.3 Armour
 + Level 1.2 Dodging
 + Level 3.3 Shields


You had 5 spell levels left.
You didn't know any spells.
Your spell library contained the following spells:

 Spells                   Type           Power      Damage    Failure   Level
 Ensorcelled Hibernation  Hex/Ice        0%         N/A       100%        2
 Passwall                 Tmut/Erth      0%         N/A       100%        2
 Swiftness                Air            0%         N/A       100%        3


Dungeon Overview and Level Annotations

Branches:
Dungeon (4/15)
 Temple: D:4-7

Altars:

Annotations:
D:3 3 runed translucent doors, iguanaiguana's ghost, amateur PaWr; spaghetti's ghost, amateur DsHu


Innate Abilities, Weirdness & Mutations

Your serpentine skin is tough. (AC +2)
You have supernaturally acute eyesight. (SInv)
Armour fits poorly on your strangely shaped body.
Your system is resistant to poisons. (rPois)
You cover ground very slowly.
You can spit poison.
You have a snake-like lower body.


Message History

You closely miss the phantom.
The phantom is almost destroyed.
You block the phantom's attack. You block the iguana's attack.
The phantom hits you but does no damage.
You hit the phantom.
You destroy the phantom!
You block the iguana's attack. You block the quokka's attack.
Your Fighting skill increases to level 4!
Your Dodging skill increases to level 1!
You have reached level 6!
Your skin feels tougher.
You hit the iguana but do no damage. The quokka bites you.
The iguana barely misses you. The orc hits you with a +0 flail.
The quokka bites you but does no damage.
You are too injured to fight recklessly!
You are too injured to fight recklessly!
The iguana bites you but does no damage.
You block the iguana's attack. The orc hits you with a +0 flail.
The iguana bites you!
* * * LOW HITPOINT WARNING * * *
You block the quokka's attack.
The quokka bites you but does no damage.
Aiming: Spit Poison (1% risk of failure)
Press: ? - help, Q - select action, (/) - cycle Shift-Dir - straight line, f - iguana
Aim: an iguana (65% to hit)
The splash of poison misses the iguana.
The iguana bites you but does no damage.
The quokka completely misses you.
You hit the quokka.
The quokka is heavily wounded.
The iguana bites you but does no damage.
The quokka bites you.
* * * LOW HITPOINT WARNING * * *
The iguana bites you!
* * * LOW HITPOINT WARNING * * *
You have got your breath back.
The quokka bites you.
* * * LOW HITPOINT WARNING * * *
The iguana bites you.
You die...

..... #.## .....
##..# ###.....
#...###.......
#######....##.......
#..^.......#..ยง.....
#..........#...o..##
#.................#
#..@l.............##
#...ro..$...##......
###########..#..#...
#.## ##.#..#.## #...
### #.#..#.#
###.#.###.# #......#
..........#####.#..##
#.#.#...#.....#..###
#.....#.............


You could see an iguana, an orc and a quokka.

Vanquished Creatures
  A phantom (D:4)
  Jessica (D:2)
  An orc wizard (D:3)
  Robin (D:2)
  2 gnolls
  An adder (D:3)
  An ufetubus (D:3)
  A dart slug (D:3)
  4 orcs (D:3)
  5 endoplasms
  5 hobgoblins
  A quokka (D:1)
  7 ball pythons
  5 bats
  2 frilled lizards (D:2)
  15 goblins
  5 kobolds
  5 rats
63 creatures vanquished.

Notes
Turn   | Place    | Note
-------+----------+-------------------------------------------
     0 | D:1      | sammy202020 the Naga Fighter began the quest for the Orb.
     0 | D:1      | Reached XP level 1. HP: 21/21 MP: 1/1
   320 | D:1      | Reached XP level 2. HP: 28/28 MP: 2/2
   353 | D:1      | HP: 1/28 [gnoll/+0 spear (3)]
   992 | D:1      | Reached XP level 3. HP: 32/34 MP: 3/3
  1175 | D:2      | Noticed Jessica
  1195 | D:2      | Killed Jessica
  1280 | D:2      | Reached XP level 4. HP: 37/42 MP: 4/4
  1285 | D:2      | Noticed Robin
  1303 | D:2      | Killed Robin
  2370 | D:3      | Found a runed translucent gate.
  2375 | D:3      | Found a runed translucent gate.
  2376 | D:3      | Found a runed translucent gate.
  2382 | D:3      | Noticed spaghetti's ghost (amateur DsHu)
  2382 | D:3      | Noticed iguanaiguana's ghost (amateur PaWr)
  2409 | D:3      | Reached XP level 5. HP: 19/50 MP: 5/5
  3026 | D:4      | Noticed a phantom
  3043 | D:4      | Killed a phantom
  3044 | D:4      | Reached skill level 4 in Fighting
  3044 | D:4      | Reached skill level 1 in Dodging
  3044 | D:4      | Reached XP level 6. HP: 30/57 MP: 6/6
  3049 | D:4      | HP: 2/57 [iguana (11)]
  3050 | D:4      | Slain by an iguana

Illustrated notes

Levels and vault maps discovered:
D:1:      lemuel_arrival_funnel, layout_basic
D:2:      layout_basic, minmay_tripent, uniq_robin, uniq_jessica
D:3:      layout_basic, gammafunk_ghost_cemetery
D:4:      layout_basic

Skill      XL: |  1  2  3  4  5 |
---------------+----------------+-----
Shields        | 3 |  3.3
Armour         | 3 |  3.3
Maces & Flails | 3 |  3.3
Fighting       | 4 |  4.0
Dodging        | 1 |  1.2

Action                   |  1- 3 |  4- 6 || total
-------------------------+-------+-------++-------
Melee: Flail             |    66 |   132 ||   198
 Abil: Spit Poison       |     4 |     4 ||     8
  Use: Scroll            |       |     5 ||     5
Armor: Scale mail        |     5 |       ||     5
       Plate armour      |    42 |   102 ||   144
Dodge: Dodged            |    15 |    17 ||    32
Block: Buckler           |    24 |    57 ||    81
       Reflection        |     1 |       ||     1

Table legend: (Time is in decaauts)
 A = Elapsed time spent in this place.
 B = Non-inter-level travel time spent in this place.
 C = Inter-level travel time spent in this place.
 D = Time resting spent in this place.
 E = Time spent auto-exploring this place.
 F = Levels seen in this place.
 G = Mean time per level.
                   A        B        C        D        E       F      G
               +--------+--------+--------+--------+--------+-----+--------+
         Total |   3764 |   3706 |     58 |    594 |   2258 |   4 |  941.0 |
       Dungeon |   3764 |   3706 |     58 |    594 |   2258 |   4 |  941.0 |
               +--------+--------+--------+--------+--------+-----+--------+

Top non-repeatable levels by time:
     D:1: 1371 daAuts
     D:3: 1314 daAuts
     D:2: 948 daAuts
     D:4: 130 daAuts
